 Dungeon Crawl Stone Soup version 0.31-a0-236-g9a0961fb85 (webtiles) character file.

Game seed: 3736229871876805254

199 qw the Shooter (level 5, -11/45 HPs)
             Began as a Minotaur Hexslinger on July 9, 2023.
             Mangled by a gnoll
             ... wielding a +0 halberd
              (15 damage)
             ... on level 3 of the Dungeon.
             The game lasted 00:00:54 (2681 turns).

qw the Shooter (Minotaur Hexslinger)                Turns: 2681, Time: 00:00:55

Health: -11/45     AC:  3    Str: 13    XL:     5   Next: 48%
Magic:  5/5        EV: 12    Int: 10    God:
Gold:   90         SH:  0    Dex: 14    Spells: 5/6 levels left

rFire   . . .        m - +1 sling (heavy)
rCold   . . .        (no shield)
rNeg    . . .        k - +0 leather armour
rPois   .            (helmet restricted)
rElec   .            (no cloak)
rCorr   .            (no gloves)
SInv    .            (no boots)
Will    .....        (no amulet)
Stlth   +            (no ring)
HPRegen 0.27/turn    (no ring)
MPRegen 0.09/turn

%: no passive effects
@: no status effects
A: horns 2, retaliatory headbutt
a: no special abilities


You were on level 3 of the Dungeon.
You visited 1 branch of the dungeon, and saw 3 of its levels.

You collected 90 gold pieces.


Innate Abilities, Weirdness & Mutations

You have a pair of horns on your head.
You reflexively headbutt those who attack you in melee.


   Skills:
 - Level 3.0 Fighting
 + Level 5.8 Ranged Weapons
 - Level 2.1 Dodging
 - Level 1.0 Spellcasting
 - Level 2.0 Hexes


You had 5 spell levels left.
You knew the following spells:

 Your Spells              Type           Power      Damage    Failure   Level
a - Slow                  Hex            16%        N/A       19%         1

Your spell library contained the following spells:

 Spells                   Type           Power      Damage    Failure   Level
 Inner Flame              Hex/Fire       2%         N/A       65%         3
 Portal Projectile        Hex/Tloc       4%         N/A       65%         3
 Cause Fear               Hex            2%         N/A       88%         4

Inventory:

Hand Weapons
 m - a +1 heavy sling (weapon)
Armour
 k - a +0 leather armour (worn)
Wands
 e - a wand of digging (8)
Scrolls
 a - a scroll of identify
Potions
 d - a potion of curing
 h - a potion of heal wounds {unknown}
 i - a potion of enlightenment {unknown}

Dungeon Overview and Level Annotations

Branches:
Dungeon (3/15)

Altars:
Fedhas


Message History

The gnoll is heavily wounded.
The gnoll closely misses you. The gnoll barely misses you. x2
The gnoll hits you with a +0 club.
An orc comes into view.
It is wielding a +0 club and wearing a +2 scale mail of fire resistance.
You shoot a sling bullet. The sling bullet hits the gnoll.
The gnoll is almost dead.
The gnoll barely misses you. The gnoll closely misses you.
The gnoll barely misses you. The gnoll hits you with a +0 club!
You shoot a sling bullet. The sling bullet hits the gnoll!
You kill the gnoll!
The gnoll barely misses you. The gnoll closely misses you.
The orc hits you with a +0 club.
You shoot a sling bullet. The sling bullet hits the orc.
The orc is lightly wounded.
The orc barely misses you. The gnoll misses you.
You shoot a sling bullet. The sling bullet hits the orc.
The orc is moderately wounded.
The orc barely misses you. The gnoll closely misses you.
The orc closely misses you. The gnoll barely misses you.
You shoot a sling bullet. The sling bullet hits the orc!
You kill the orc!
The gnoll hits you from afar with a +0 halberd!
The gnoll closely misses you.
You shoot a sling bullet.
The sling bullet barely misses the gnoll.
The gnoll closely misses you. The gnoll barely misses you.
You shoot a sling bullet.
The sling bullet barely misses the gnoll.
You hear a shout!
A gnoll comes into view. It is wielding a +0 club.
The gnoll hits you from afar with a +0 halberd!
You shoot a sling bullet.
The sling bullet barely misses the gnoll.
The gnoll hits you from afar with a +0 halberd!
The gnoll closely misses you.
You shoot a sling bullet. The sling bullet hits the gnoll.
The gnoll is moderately wounded.
An orc comes into view. It is wielding a +0 falchion.
The gnoll hits you from afar with a +0 halberd!
You die...

#######.##.###.#####...........#
.....................%...........
~~~~~~~~~~~~~....~~~~~~~~~~~~~~~~
~~~~~~~~~~~~~....~~~~~~~~~~~~~~~~
#~~~~~~~~~~~~....~~~~~~~~~~~~####
#............................# o.
#############''''############# .
#....# #...@# +....og..g..
############


You could see 2 gnolls and an orc.

Vanquished Creatures
  Natasha (twice) (D:2)
  Robin (D:3)
  4 adders (D:2)
  2 gnolls (D:3)
  2 orcs (D:3)
  5 endoplasms
  3 giant cockroaches
  15 goblins
  9 hobgoblins
  4 jackals (D:3)
  4 quokkas
  7 ball pythons
  4 bats (D:2)
  3 frilled lizards
  6 kobolds
  5 rats
76 creatures vanquished.

Notes
Turn   | Place    | Note
-------+----------+-------------------------------------------
     0 | D:1      | qw the Minotaur Hexslinger began the quest for the Orb.
     0 | D:1      | Reached XP level 1. HP: 16/16 MP: 1/1
     0 | D:1      | 0 ||| qw: Version: 0.3-a-51-g015441d
     0 | D:1      | 0 ||| qw: Game counter: 4371
     0 | D:1      | 0 ||| qw: Melee chars always use a shield: true
     0 | D:1      | 0 ||| qw: God list: Okawaru
     0 | D:1      | 0 ||| qw: Allow faded altars: false
     0 | D:1      | 0 ||| qw: Do Orc after clearing Dungeon:15 true
     0 | D:1      | 0 ||| qw: Do second Lair branch before Depths: true
     0 | D:1      | 0 ||| qw: Lair rune preference: random
     0 | D:1      | 0 ||| qw: Goals: Normal
     0 | D:1      | 0 ||| PLANNING D:1-11
    66 | D:1      | Found a faded altar of an unknown god.
   100 | D:1      | Reached skill level 3 in Ranged Weapons
   135 | D:1      | Reached XP level 2. HP: 23/23 MP: 2/2
   809 | D:1      | 809 ||| READING scroll labelled GIRCHE GURUVIN.
   813 | D:1      | 813 ||| DRINKING 2 golden potions.
   814 | D:1      | 814 ||| DRINKING 2 white potions.
   815 | D:1      | 815 ||| DROPPING scroll of poison.
   816 | D:1      | 816 ||| DROPPING potion of degeneration.
   931 | D:2      | Reached XP level 3. HP: 29/29 MP: 3/3
  1080 | D:2      | Found a blossoming altar of Fedhas.
  1162 | D:2      | Reached skill level 4 in Ranged Weapons
  1272 | D:2      | Reached XP level 4. HP: 23/36 MP: 4/4
  1344 | D:2      | Noticed Natasha
  1357 | D:2      | Killed Natasha
  1481 | D:2      | Reached skill level 5 in Ranged Weapons
  1704 | D:2      | Noticed Natasha
  1714 | D:2      | Killed Natasha
  1715 | D:2      | Reached skill level 3 in Fighting
  1986 | D:2      | 1986 ||| UPGRADING to +0 leather armour.
  1996 | D:2      | 1996 ||| DROPPING +0 robe.
  1997 | D:2      | 1997 ||| READING 3 scrolls labelled JIFFIZ CUFEAPI.
  1998 | D:2      | 1998 ||| READING scroll labelled XOEFUGH UFEI.
  1999 | D:2      | 1999 ||| READING scroll labelled GIWKICKUMPO.
  2000 | D:2      | 2000 ||| READING scroll labelled ODOQUE JIAPP.
  2001 | D:2      | 2001 ||| READING 2 scrolls of identify.
  2001 | D:2      | 2001 ||| IDENTIFYING dark potion
  2002 | D:2      | 2002 ||| DROPPING potion of invisibility.
  2003 | D:2      | 2003 ||| DROPPING potion of brilliance.
  2055 | D:3      | Noticed Robin
  2056 | D:3      | 2056 ||| Stepping ~*~*~tactically~*~*~ (outnumbered).
  2060 | D:3      | Reached XP level 5. HP: 43/45 MP: 5/5
  2065 | D:3      | Killed Robin
  2076 | D:3      | HP: 10/45 [goblin/+0 dagger[Robin] (2)]
  2077 | D:3      | 2077 ||| READING scroll of teleportation.
  2679 | D:3      | HP: 10/45 [gnoll/+0 halberd (11)]
  2680 | D:3      | HP: 4/45 [gnoll/+0 halberd (7)]
  2681 | D:3      | Mangled by a gnoll

Levels and vault maps discovered:
D:1:      minmay_arrival_up_and_down, layout_loops_ring,
          nicolae_ecumenical_snake_handling
D:2:      layout_loops_corners, basic_altar, kennysheep_generic_room_6,
          uniq_natasha
D:3:      lemuel_castle_with_subvaults [lemuel_castle_interior_carwin_3],
          layout_loops_cross, kennysheep_pointless_box, uniq_robin

Skill      XL: |  1  2  3  4 |
---------------+-------------+-----
Ranged Weapons | 3 4 5 |  5.8
Fighting       | 2 3 |  3.0
Dodging        | |  2.1
Spellcasting   | |  1.0
Hexes          | |  2.0

Action                     |  1- 3 |  4- 6 || total
---------------------------+-------+-------++-------
   Fire: Sling             |   104 |   104 ||   208
    Use: Potion            |     2 |       ||     2
         Scroll            |     1 |     6 ||     7
 Armour: Robe              |     6 |     4 ||    10
         Leather armour    |       |    11 ||    11
  Dodge: Dodged            |    24 |    83 ||   107

Table legend:
 A = Non-vault XP
 B = Vault XP
 C = Vault XP percentage of total XP
 D = Non-vault monster count
 E = Vault monster count
 F = Vault count percentage of total count
                 A         B        C        D         E       F
            +---------+---------+-------+---------+---------+-------
      Total |     166 |     119 |  41.8 |      51 |      25 |  32.9
            +---------+---------+-------+---------+---------+-------
        D:1 |      31 |       3 |   8.8 |      19 |       2 |   9.5
        D:2 |     124 |      37 |  23.0 |      26 |       3 |  10.3
        D:3 |      11 |      79 |  87.8 |       6 |      20 |  76.9
            +---------+---------+-------+---------+---------+-------
